AoeStats
← 用户1623433

Fortress

509053644Analyzed
4v4 RM · 9d ago on Sep 25, 2026· 35m 59s· 8 players
Game mode
Random Map
Map size
Huge
Population
200
Speed
Normal
Resources
Standard
Victory
Conquest
Starting age
Dark Age
Ending age
Imperial Age
RankedLock teamsTeams togetherTeam positionsShared explorationLock speedFull tech treeHidden civsTurbo modeCheats
Victory
Defeat
🇨🇳 Inca · China
1325
+10
🇨🇳 Poles · China
1245
+13
🇨🇳 Mongols · China
1125
+18
🇨🇳 Danes · China
1119
+17
🇹🇼 Italians · Taiwan
1190
-15
🇦🇺 Khmer · Australia
1174
-15
🇨🇳 Huns · China
1171
-15
🇨🇳 Mongols · China
1130
-13
混元霹靂手
0:33 Loom
6:04 Feudal Age
9:00 Double-Bit Axe
14:44 Castle Age
13:12 Horse Collar
17:10 Wheelbarrow
23:52 Imperial Age
23:00 Fletching
23:10 Padded Archer Armor
24:45 Bodkin Arrow
25:05 Leather Archer Armor
24:16 Elite Skirmisher
27:16 Chemistry
26:36 Ballistics
26:12 Treadmill Crane
27:07 Hand Cart
27:49 Thumb Ring
28:15 Bow Saw
29:44 Bracer
30:14 Ring Archer Armor
29:49 Heavy Plow
31:25 Ring Archer Armor
32:30 Forging
32:53 Scale Mail Armor
33:08 Fortified Wall
34:16 Iron Casting
33:45 Squires
33:31 Arson
用户1623433
8:15 Feudal Age
8:52 Double-Bit Axe
8:51 Horse Collar
14:50 Castle Age
15:39 Gold Mining
16:46 Bow Saw
16:39 Heavy Plow
20:42 Imperial Age
19:14 Gold Shaft Mining
22:10 Forging
22:37 Scale Barding Armor
24:12 Iron Casting
26:59 Blast Furnace
26:41 Chain Barding Armor
29:39 Elite Tarkan
33:14 Plate Barding Armor
altrnate15
8:11 Feudal Age
11:24 Castle Age
9:33 Double-Bit Axe
9:47 Horse Collar
12:18 Bow Saw
12:25 Heavy Plow
15:56 Loom
16:15 Gold Mining
16:26 Town Watch
17:53 Wheelbarrow
22:05 Imperial Age
22:05 Capped Ram
25:28 Bloodlines
25:40 Conscription
尘
6:51 Feudal Age
11:52 Castle Age
11:00 Double-Bit Axe
13:57 Horse Collar
14:46 Stone Mining
17:03 Wheelbarrow
18:07 Gold Mining
21:32 Hand Cart
22:02 Gold Shaft Mining
26:00 Imperial Age
24:09 Bloodlines
24:00 Husbandry
24:31 Light Cavalry
27:04 Bow Saw
26:43 Loom
27:33 Fletching
29:12 Conscription
29:41 Thumb Ring
32:56 Murder Holes
34:25 Bodkin Arrow
36:13 Padded Archer Armor
36:20 Scale Barding Armor
36:25 Forging
西行寺紫
7:12 Feudal Age
6:41 Loom
9:36 Double-Bit Axe
11:54 Castle Age
12:50 Horse Collar
16:32 Wheelbarrow
17:27 Bow Saw
18:36 Champi Runner
20:33 Scale Mail Armor
20:09 Champi Warrior
21:28 Squires
23:07 Chain Mail Armor
23:02 Forging
23:27 Arson
25:58 Iron Casting
25:41 Heavy Plow
25:32 Gold Mining
25:32 Stone Mining
26:50 Gold Shaft Mining
26:34 Hand Cart
31:52 Imperial Age
32:34 Elite Champi Warrior
33:46 Plate Mail Armor
34:16 Blast Furnace
34:01 Conscription
33:46 Fabric Shields
咸鱼死灵
7:51 Feudal Age
7:26 Loom
9:15 Double-Bit Axe
9:12 Horse Collar
11:15 Wheelbarrow
12:49 Stone Mining
12:52 Gold Mining
15:27 Castle Age
16:59 Szlachta Privileges
17:11 Bow Saw
17:29 Heavy Plow
21:01 Hand Cart
23:46 Bloodlines
24:23 Husbandry
24:42 Scale Barding Armor
24:48 Forging
26:30 Chain Barding Armor
28:11 Iron Casting
30:24 Imperial Age
31:28 Stone Shaft Mining
30:30 Cavalier
32:14 Blast Furnace
31:46 Crop Rotation
31:22 Town Watch
Akatsukireiha
0:28 Loom
8:34 Feudal Age
9:56 Town Watch
10:48 Wheelbarrow
10:56 Double-Bit Axe
11:22 Gold Mining
12:03 Stone Mining
12:26 Forging
14:37 Castle Age
13:17 Scale Mail Armor
13:13 Horse Collar
14:24 Arson
15:35 Squires
23:15 Iron Casting
36:11 Hand Cart
天键斩月
3:05 Loom
7:49 Feudal Age
13:24 Castle Age
12:53 Wheelbarrow
12:05 Double-Bit Axe
14:46 Bloodlines
14:43 Husbandry
15:59 Bow Saw
17:28 Thumb Ring
17:18 Horse Collar
18:13 Heavy Plow
19:53 Fletching
20:36 Ballistics
20:42 Padded Archer Armor
22:11 Hand Cart
22:38 Bodkin Arrow
22:59 Leather Archer Armor
23:26 Town Watch
23:55 Nomads
25:35 Gold Mining
28:29 Murder Holes
32:53 Imperial Age
33:27 Elite Mangudai
34:30 Conscription
34:55 Gold Shaft Mining
Connection lost

Rejoining the realm…

Still unreachable

The connection could not be restored.

Session expired

The server has moved on; the page needs a fresh start.